 Dungeon Crawl Stone Soup version 0.30-a0-591-g3c58d2bc28 (webtiles) character file.

Game seed: 1533238532914074825

433 Dartaoz the Poker (level 6, 0/48 HPs)
             Began as a Demonspawn Gladiator on Jan 5, 2023.
             Slain by Eustachio
             ... wielding a +2 rapier of speed
              (6 damage)
             ... on level 6 of the Dungeon.
             The game lasted 00:15:00 (3776 turns).

Dartaoz the Poker (Demonspawn Gladiator)            Turns: 3776, Time: 00:15:00

Health: 0/48       AC: 13    Str: 16      XL:     6   Next: 67%
Magic:  6/6        EV: 11    Int:  9      God:
Gold:   312        SH:  0    Dex: 13 (15) Spells: 5/5 levels left

rFire   . . .      SeeInvis .    a - +0 trident
rCold   + . .      Faith    .    (no shield)
rNeg    . . .      Spirit   .    n - +2 scale mail {rC+}
rPois   .          Reflect  .    c - +0 helmet
rElec   .          Harm     .    (no cloak)
rCorr   .          Rampage  .    (no gloves)
Will    .....                    (no boots) Stlth
                                 (no amulet)
HPRegen 0.28/turn                (no ring)
MPRegen 0.10/turn                (no ring)

@: confused
A: foul stench 1, icemail 1, condensation shield
a: no special abilities


You were on level 6 of the Dungeon.
You visited 1 branch of the dungeon, and saw 6 of its levels.

You collected 312 gold pieces.

Inventory:

Hand Weapons
 a - a +0 trident (weapon)
Missiles
 d - 3 throwing nets
 e - 5 javelins (quivered)
 u - 4 poisoned darts
Armour
 b - a +0 leather armour
 c - a +0 helmet (worn)
 j - a +0 ring mail
 k - a +0 scale mail
 n - a +2 scale mail of cold resistance (worn)
Jewellery
 p - a ring of wizardry
 q - an amulet of faith
Wands
 o - a wand of polymorph (8)
Scrolls
 f - a scroll of silence {unknown}
 i - a scroll of butterflies {unknown}
 m - 2 scrolls of immolation {unknown}
 s - a scroll of magic mapping {unknown}
 t - 2 scrolls of blinking
 x - a scroll of fear {unknown}
Potions
 g - 2 potions of brilliance
 h - 2 potions of resistance
 l - 2 potions of heal wounds
 r - 2 potions of curing
 v - 3 potions of ambrosia
 w - 2 potions of lignification


   Skills:
 + Level 3.9 Fighting
 + Level 4.2 Polearms
 - Level 1.7 Throwing
 + Level 2.9 Armour
 + Level 4.1 Dodging


You had 5 spell levels left.
You didn't know any spells.
Your spell library was empty.

Dungeon Overview and Level Annotations

Branches:
Dungeon (7/15)
 Temple: D:4-7

Altars:
Gozag

Shops:
D:1 !   D:2 (   D:3 (

Annotations:
D:6 Eustachio


Innate Abilities, Weirdness & Mutations

You may rarely emit foul miasma when damaged in melee.
A meltable icy envelope protects you from harm. (AC +4)
A meltable shield of frost defends you. (SH +4)


Message History

Eustachio blinks!
The quokka completely misses you. The bat attacks as you move away!
The bat hits you but does no damage. The bat closely misses you.
The orc wizard hits you but does no damage.
The orc wizard barely misses you.
You closely miss the quokka.
The orc wizard points at you and mumbles some strange words.
You are more confused.
The orc hits you but does no damage. The orc wizard casts a spell at you.
You are more confused.
The quokka closely misses you.
The orc wizard hits you but does no damage.
The orc wizard misses you. The orc closely misses you.
You bump into the rock wall.
The quokka bites you. The orc barely misses you.
You miss the orc wizard.
The orc wizard is moderately wounded.
The quokka bites you but does no damage. x2
The orc wizard closely misses you. The orc hits you but does no damage.
The bat hits you but does no damage. The orc hits you with a +0 short sword.
You emit a cloud of foul miasma!
The orc wizard hits you but does no damage.
You puncture the quokka!
You kill the quokka!
The quokka's corpse disappears in a puff of smoke!
The bat barely misses you. The orc wizard closely misses you.
The orc is engulfed in dark miasma.
The orc is poisoned.
You kill the orc!
The bat closely misses you. The bat barely misses you.
You're too confused to move!
Eustachio hits you but does no damage. The bat hits you but does no damage.
Eustachio says, "My allies will avenge me."
Eustachio hits you with a +2 rapier of speed.
The orc wizard casts a spell at you. The magic dart hits you.
* * * LOW HITPOINT WARNING * * *
The bat closely misses you. The river rat bites you.
* * * LOW HITPOINT WARNING * * *
Eustachio hits you with a +2 rapier of speed.
You die...

#........#
#........+ ..#
#.....$.. #..#
'........ ....#
#.....[.# #...#
#.......# #...#
##...#..###...#
.#......boo....#
.......>@@r...##
...#=...o.....#
####'####..#
.........#
..........########
.............†..r..#
#####+####..)#####.#
###.# #.# #.# #r#


You could see Eustachio, 2 orc wizards, a river rat (summoned), an orc and a bat
(summoned).

Vanquished Creatures
  A black bear (D:7)
  A phantom (D:7)
  A necrophage (D:3)
  A hound (D:6)
  Jessica (D:2)
  4 adders
  3 gnolls (D:4)
  2 worms
  2 dart slugs (D:1)
  5 orcs
  8 endoplasms
  2 giant cockroaches
  8 goblins
  8 hobgoblins
  3 jackals (D:2)
  4 kobolds
  5 quokkas
  8 ball pythons
  4 bats
  4 frilled lizards
  2 rats
77 creatures vanquished.

Vanquished Creatures (others)
  4 plants (D:3)
4 creatures vanquished.

Grand Total: 81 creatures vanquished

Notes
Turn   | Place    | Note
-------+----------+-------------------------------------------
     0 | D:1      | Dartaoz the Demonspawn Gladiator began the quest for the
                  | Orb.
     0 | D:1      | Reached XP level 1. HP: 16/16 MP: 1/1
   277 | D:1      | Gained mutation: A meltable shield of frost defends you.
                  | (SH +4) [demonic ancestry]
   277 | D:1      | Reached XP level 2. HP: 22/22 MP: 2/2
   348 | D:1      | Found a faded altar of an unknown god.
   524 | D:1      | Found Ogokohuk's Distillery.
   545 | D:1      | Reached skill level 1 in Armour
   794 | D:1      | Gained mutation: A meltable icy envelope protects you from
                  | harm. (AC +4) [demonic ancestry]
   794 | D:1      | Reached XP level 3. HP: 28/28 MP: 3/3
   943 | D:2      | Noticed Jessica
   955 | D:2      | Killed Jessica
  1075 | D:2      | Reached XP level 4. HP: 34/34 MP: 4/4
  1472 | D:2      | Found Vele's Weapon Shoppe.
  1784 | D:3      | Identified the +10 short sword "Wetuesk" {vamp, rElec rN+
                  | Int-5 Dex+3}
  1805 | D:3      | Found Ullui's Antique Weapon Shop.
  1969 | D:3      | Noticed a necrophage
  1977 | D:3      | Killed a necrophage
  1978 | D:3      | Gained mutation: You may rarely emit foul miasma when
                  | damaged in melee. [demonic ancestry]
  1978 | D:3      | Reached XP level 5. HP: 38/41 MP: 5/5
  2471 | D:3      | Found an opulent altar of Gozag.
  3302 | D:4      | You fall into a shaft and drop 3 floors!
  3353 | D:7      | Noticed a black bear
  3371 | D:7      | Noticed a phantom
  3386 | D:7      | Killed a phantom
  3387 | D:7      | Reached XP level 6. HP: 25/47 MP: 6/6
  3653 | D:6      | Noticed Eustachio
  3776 | D:6      | Slain by Eustachio

Illustrated notes

Levels and vault maps discovered:
D:1:      dpeg_arrival_castle, layout_basic, serial_shops, shop,
          shapermc_ecumenical_altar_ellora, grunt_decor_one_mirror,
          minmay_tetromino_o2
D:2:      layout_loops_ring, serial_shops, nicolae_shop_bloodbath_and_beyond,
          uniq_jessica
D:3:      layout_basic, nicolae_gozag_seed_capital,
          nicolae_overflow_hidden_temple, serial_shops,
          nicolae_shop_behind_doors, dreamdust_princess_corridor,
          minmay_misc_feat_enclosed, serial_bayou_lake_a
D:4:      layout_cave_pods, minmay_joined_circles
D:6:      layout_basic, nicolae_ru_great_annihilating_truth,
          hangedman_decor_peaks_small, nrook_campfire, minmay_small_thing,
          uniq_menkaure, uniq_eustachio, uniq_crazy_yiuf_cottage
D:7:      layout_basic, gammafunk_ghost_wrathful_warriors, serial_bayou_pond_e,
          eino_tiny_chamber, chequers_big_river, uniq_joseph

Skill      XL: |  1  2  3  4  5  6 |
---------------+-------------------+-----
Polearms       | 3 4 |  4.2
Dodging        | 3 4 |  4.1
Armour         | 1 2 |  2.9
Fighting       | 3 |  3.9
Throwing       | |  1.7

Action                   |  1- 3 |  4- 6 || total
-------------------------+-------+-------++-------
Melee: Trident           |    83 |   259 ||   342
       Punch             |     1 |     2 ||     3
       Unarmed           |     4 |       ||     4
Throw: Javelin           |       |    15 ||    15
  Use: Scroll            |       |     7 ||     7
Armor: Leather armour    |     3 |       ||     3
       Scale mail        |    16 |   165 ||   181
Dodge: Dodged            |    40 |   180 ||   220
Block: Other             |     7 |    49 ||    56

Table legend: (Time is in decaauts)
 A = Elapsed time spent in this place.
 B = Non-inter-level travel time spent in this place.
 C = Inter-level travel time spent in this place.
 D = Time resting spent in this place.
 E = Time spent auto-exploring this place.
 F = Levels seen in this place.
 G = Mean time per level.
                   A        B        C        D        E       F      G
               +--------+--------+--------+--------+--------+-----+--------+
         Total |   3862 |   3736 |    126 |      6 |   2971 |   6 |  643.7 |
       Dungeon |   3862 |   3736 |    126 |      6 |   2971 |   6 |  643.7 |
               +--------+--------+--------+--------+--------+-----+--------+

Top non-repeatable levels by time:
     D:3: 1129 daAuts
     D:1: 915 daAuts
     D:2: 734 daAuts
     D:4: 599 daAuts
     D:7: 352 daAuts
     D:6: 130 daAuts
